 Dungeon Crawl Stone Soup version 0.18.1-50-g88ac8fd (webtiles) character file.

47156 GMan the Tortoise (level 14, -2/133 HPs)
             Began as a Minotaur Berserker on Oct 12, 2016.
             Was the Champion of Trog.
             Slain by a crocodile (9 damage)
             ... on level 6 of the Lair of Beasts on Oct 15, 2016.
             The game lasted 02:14:53 (23621 turns).

GMan the Tortoise (Minotaur Berserker)             Turns: 23621, Time: 02:14:53

Health: -2/133     AC: 29    Str: 22    XL:     14   Next: 7%
Magic:  13/13      EV: 12    Int:  4    God:    Trog [******]
Gold:   1286       SH: 12    Dex: 15    Spells: 0 memorised, 13 levels left

rFire  + . .     SeeInvis .     s - +4 flail (protect)
rCold  . . .     Gourm    .     M - +1 plate armour {rF+}
rNeg   . . .     Faith    +     I - +0 shield
rPois  +         Spirit   .     B - +2 hat
rElec  .         Dismiss  .     o - +0 cloak
rCorr  .         Reflect  .     (no gloves)
SustAt +         Harm     .     i - +1 pair of boots
MR     +....                    D - amulet of faith
Stlth  ..........               L - ring of sustain attributes
                                J - ring of poison resistance

@: exhausted, very slightly contaminated, slowed, studying Summonings, very
slow, somewhat resistant to hostile enchantments, extremely unstealthy
A: retaliatory headbutt, horns 2
a: Berserk, Trog's Hand, Brothers in Arms, Burn Spellbooks, Renounce Religion


You were on level 6 of the Lair of Beasts.
You worshipped Trog.
Trog was exalted by your worship.
You were very hungry.

You visited 5 branches of the dungeon, and saw 21 of its levels.
You also visited: Volcano.

You collected 1286 gold pieces.

Inventory:

Hand Weapons
 l - a +2 antimagic great sword
 r - a +1 mace of protection
 s - a +4 flail of protection (weapon)
 u - a +1 battleaxe of chopping
 A - a +0 flail of holy wrath
Armour
 i - a +1 pair of boots (worn)
 o - a +0 cloak (worn)
 B - a +2 hat (worn)
 I - a +0 shield (worn)
 M - a +1 plate armour of fire resistance (worn)
Jewellery
 n - an uncursed ring of fire
 t - an uncursed ring of protection from cold
 y - an uncursed ring of see invisible
 D - an amulet of faith (around neck)
 F - an uncursed ring of ice
 J - a ring of poison resistance (left hand)
 L - a ring of sustain attributes (right hand)
Scrolls
 a - a scroll of identify
 b - 3 scrolls of remove curse
 e - 2 scrolls of fear
 k - 3 scrolls of magic mapping
 G - a scroll of blinking
 K - 2 scrolls of holy word
 N - 2 scrolls of enchant weapon
 P - a scroll of vulnerability
 R - a scroll of immolation
Potions
 f - 2 potions of invisibility
 g - a potion of haste {unknown}
 h - a potion of curing
 j - 4 potions of cancellation
 m - 3 potions of might
 p - 2 potions of mutation
 q - 3 potions of berserk rage
 v - 3 potions of flight
 x - a potion of agility
 z - 3 potions of resistance
 C - 2 potions of ambrosia {unknown}
 E - 3 potions of heal wounds {unknown}
 H - a potion of brilliance
 O - 3 potions of lignification
 U - a potion of cure mutation {unknown}
Books
 d - a manual of Summonings Trog disapproves of the use of such an item.
Comestibles
 c - 10 bread rations
 w - 21 fruits
 Q - a beef jerky


   Skills:
 + Level 14.7 Fighting
 - Level 12.2 Maces & Flails
 + Level 15.7 Armour
 + Level 12.0 Dodging
 - Level 0.1 Stealth
 + Level 9.1 Shields


You had 13 spell levels left.
You didn't know any spells.

Dungeon Overview and Level Annotations

Branches:
Dungeon (12/15)            Temple (1/1) D:7            Lair (6/8) D:9
  Swamp (1/4) Lair:6        Snake (1/4) Lair:3          Orc (0/2) D:9
  Slime: Lair:6-8

Altars:
Ashenzari
Cheibriados
Dithmenos
Elyvilon
Fedhas
Gozag
Kikubaaqudgha
Makhleb
Pakellas
Qazlal
Ru
Sif Muna
Trog
Vehumet
Xom
Yredelemnul
Zin
The Shining One

Shops:
D:9 [   D:10 *

Annotations:
Lair:5 exclusion: oklob plant


Innate Abilities, Weirdness & Mutations

You reflexively headbutt those who attack you in melee.
You have a pair of horns on your head.


Message History

You can't see that place. [the floor.] Sorry, you can't target what you can't see.
Okay, then.
Read which item? (? for menu, Esc to quit)
Blink to where?
Press: ? - help, Dir - move target cursor You are very lightly contaminated with residual magic.
As you read the scroll of blinking, it crumbles to dust. 3 river rats and a crocodile come into view. 2 river rats come into view.
The shadow slips into darkness.
The shadow flickers and vanishes!
Deactivating autopickup; reactivate with Ctrl-A.
You block the river rat's attack.
A river rat comes into view.
The river rat moves out of view.
The river rat closely misses you. You block the crocodile's attack.
The crocodile bites you!
You die...

....... #..(. ..........[....
.8...8. ...#....................
...<... .#..+....................
.8...8. ...#....................
........ .r#....................
.#...#.. #r....................
..###.... ##.r...................
.........##...rt.....>...........
.......##......r@................
...+#.........................P..
............J.................P##
...................#.....†..)...#
..................#............##
††.........................†..##
..........................#....#
.........................#.....#
...............................#


You could see a large slime creature, a crocodile and 5 river rats.

Vanquished Creatures
  Gastronok (D:12)
  Donald (Snake:1)
  Fannar (D:11)
  Erolcha (D:8)
  Harold (D:11)
  3 hydras
  An alligator (Lair:6)
  9 death yaks
  Sonja (D:12)
  Nergalle (D:10)
  2 unseen horrors
  A cyclops (D:12)
  3 ugly things (D:11)
  Maurice (D:8)
  7 elephants
  A smoke demon (Volcano)
  2 toenail golems (Volcano)
  7 black mambas
  A gargoyle (D:10)
  5 spiny frogs
  5 komodo dragons
  2 rime drakes
  A troll (D:7)
  2 red devils (Volcano)
  A polar bear (Lair:5)
  2 two-headed ogres
  3 slime creatures (Lair:6)
  A boulder beetle (Lair:6)
  6 blink frogs
  Sigmund (D:6)
  A wraith (D:10)
  3 fire bats (Lair:4)
  2 wyverns
  27 yaks
  A hungry ghost (D:11)
  Grum (D:11)
  4 basilisks
  5 hippogriffs
  A steam dragon (D:11)
  A mottled dragon (D:11)
  A soldier ant (D:11)
  Edmund (D:5)
  4 nagas (Lair:3)
  7 water moccasins
  2 sky beasts
  11 porcupines
  5 orc warriors
  5 phantoms
  9 ice beasts
  A necrophage (D:7)
  4 wolves (D:11)
  5 ogres
  5 centaurs
  7 crocodiles
  2 big kobolds
  13 giant frogs
  2 wyvern zombies
  3 scorpions
  A wyvern skeleton (D:11)
  3 killer bees (D:6)
  9 wights
  7 howler monkeys
  5 crimson imps
  2 giant frog zombies
  3 centaur zombies
  A quasit (D:6)
  2 jellies
  7 hounds
  9 orc priests
  A gnoll shaman (D:6)
  10 orc wizards
  2 centaur skeletons
  Jessica (D:2)
  6 iguanas
  9 worker ants
  16 sheep
  A killer bee zombie (D:5)
  2 hound skeletons
  A howler monkey zombie (D:8)
  A mummy (D:9)
  5 gnolls (D:6)
  15 adders
  82 river rats
  3 shadow imps
  3 oozes
  An adder skeleton (D:10)
  3 worms
  2 dart slugs
  7 giant geckos
  44 orcs
  A ball python (D:5)
  10 bats
  4 giant cockroaches
  6 goblins
  3 hobgoblins
  10 jackals
  18 kobolds
  3 quokkas
  A giant gecko skeleton (D:8)
  A giant gecko zombie (D:8)
  4 giant newts
  A jackal skeleton (D:5)
  9 rats
  A plant (Lair:5)
543 creatures vanquished.

Vanquished Creatures (others)
  A yak (Lair:6)
  A giant frog (Lair:6)
  A river rat (Lair:6)
  A jackal (D:11)
  8 fungi
  9 plants
21 creatures vanquished.

Grand Total: 564 creatures vanquished

Notes
Turn   | Place    | Note
--------------------------------------------------------------
     0 | D:1      | GMan the Minotaur Berserker began the quest for the Orb.
     0 | D:1      | Reached XP level 1. HP: 19/19 MP: 0/0
   242 | D:1      | Reached XP level 2. HP: 27/27 MP: 1/1
   818 | D:2      | Found a glowing golden altar of the Shining One.
   819 | D:2      | Found a stormy altar of Qazlal.
   821 | D:2      | Found a bloodstained altar of Trog.
   893 | D:2      | Noticed Jessica
   901 | D:2      | Killed Jessica
   901 | D:2      | Reached ** piety under Trog
   901 | D:2      | Reached skill level 3 in Armour
   901 | D:2      | Reached XP level 3. HP: 30/33 MP: 2/2
  1110 | D:2      | Found a burning altar of Makhleb.
  1110 | D:2      | Found a shimmering altar of Xom.
  1156 | D:2      | Reached XP level 4. HP: 37/40 MP: 3/3
  1357 | D:2      | Found an oddly glowing altar of Pakellas.
  1808 | D:3      | Reached skill level 4 in Armour
  1808 | D:3      | Reached XP level 5. HP: 43/47 MP: 4/4
  1999 | D:3      | Reached skill level 5 in Maces & Flails
  2112 | D:3      | Reached *** piety under Trog
  2605 | D:4      | Noticed an ogre
  2759 | D:4      | Killed an ogre
  2759 | D:4      | Reached XP level 6. HP: 33/55 MP: 5/5
  2765 | D:4      | Reached skill level 5 in Fighting
  3036 | D:4      | Reached skill level 5 in Armour
  3355 | D:4      | Noticed a hippogriff
  3361 | D:4      | Killed a hippogriff
  3361 | D:4      | Reached XP level 7. HP: 59/61 MP: 6/6
  3420 | D:5      | Entered Level 5 of the Dungeon
  3655 | D:5      | Reached skill level 5 in Dodging
  3667 | D:5      | Noticed Edmund
  3689 | D:5      | Killed Edmund
  3689 | D:5      | Reached skill level 6 in Armour
  3809 | D:5      | Reached **** piety under Trog
  3830 | D:5      | Reached XP level 8. HP: 64/71 MP: 7/7
  4571 | D:6      | Found an ancient bone altar of Kikubaaqudgha.
  4617 | D:6      | Reached skill level 7 in Armour
  4713 | D:6      | Noticed Sigmund
  4727 | D:6      | Killed Sigmund
  5102 | D:7      | Found a staircase to the Ecumenical Temple.
  5121 | Temple   | Entered the Ecumenical Temple
  5430 | D:7      | Reached XP level 9. HP: 81/81 MP: 8/8
  5583 | D:7      | Found a white marble altar of Elyvilon.
  5633 | D:7      | Noticed a troll
  5637 | D:7      | Reached skill level 8 in Armour
  5889 | D:7      | Killed a troll
  6258 | D:7      | Reached ***** piety under Trog
  6665 | D:7      | Reached skill level 9 in Armour
  7442 | D:7      | Found a glowing golden altar of the Shining One.
  7555 | D:8      | Reached XP level 10. HP: 61/91 MP: 9/9
  7600 | D:8      | Noticed Erolcha
  7620 | D:10     | Entered Level 10 of the Dungeon
  7785 | D:8      | Killed Erolcha
  8044 | D:8      | Found a sacrificial altar of Ru.
  8294 | D:8      | Reached skill level 10 in Maces & Flails
  8380 | D:8      | Found a radiant altar of Vehumet.
  8417 | D:8      | Found a white marble altar of Elyvilon.
  8418 | D:8      | Noticed Maurice
  8427 | D:8      | Reached skill level 10 in Armour
  8435 | D:8      | Killed Maurice
  8435 | D:8      | Reached skill level 10 in Fighting
  8969 | D:9      | Found a staircase to the Orcish Mines.
  8970 | D:9      | Found Someriel's Armour Emporium.
  9123 | D:9      | Found a snail-covered altar of Cheibriados.
  9624 | D:9      | Noticed an elephant
  9642 | D:9      | Killed an elephant
  9864 | D:9      | Found a staircase to the Lair.
  9879 | Lair:1   | Entered Level 1 of the Lair of Beasts
  9883 | Lair:1   | Noticed a spiny frog
  9889 | Lair:1   | Killed a spiny frog
  9889 | Lair:1   | Reached XP level 11. HP: 101/101 MP: 10/10
 10199 | Lair:1   | Reached skill level 11 in Armour
 12648 | Lair:2   | Reached skill level 12 in Armour
 12670 | Lair:2   | Received a gift from Trog
 13514 | Lair:3   | Found a staircase to the Snake Pit.
 13663 | Snake:1  | Entered Level 1 of the Snake Pit
 13702 | Snake:1  | Noticed Donald
 13728 | Snake:1  | Killed Donald
 13728 | Snake:1  | Reached skill level 13 in Armour
 13728 | Snake:1  | Reached XP level 12. HP: 74/112 MP: 11/11
 14366 | D:10     | Noticed Nergalle
 14393 | D:10     | Killed Nergalle
 15119 | D:10     | Reached skill level 1 in Shields
 15189 | D:10     | Found Xacloow's General Store.
 15870 | D:11     | Noticed Harold
 15907 | D:11     | Killed Harold
 16009 | D:11     | Noticed Sonja
 16015 | D:11     | Reached skill level 14 in Armour
 16031 | D:11     | Noticed Grum
 16038 | D:11     | Killed Grum
 17091 | D:12     | Found a blossoming altar of Fedhas.
 17192 | D:12     | Killed Sonja
 17192 | D:12     | Received a gift from Trog
 17192 | D:12     | Reached skill level 10 in Dodging
 17346 | D:12     | Noticed Gastronok
 17365 | D:12     | Killed Gastronok
 17365 | D:12     | Reached skill level 5 in Shields
 17454 | D:12     | Reached ****** piety under Trog
 18023 | D:11     | Noticed Fannar
 18061 | D:11     | Killed Fannar
 18521 | Lair:3   | Reached XP level 13. HP: 108/122 MP: 12/12
 19437 | Lair:4   | Found a dark tunnel.
 19447 | Volcano  | Entered a volcano
 20436 | Lair:5   | Received a gift from Trog
 20488 | Lair:5   | Reached skill level 15 in Armour
 22488 | Lair:6   | Received a gift from Trog
 22517 | Lair:5   | HP: 1/125 [death yak (17)]
 23462 | Lair:6   | Reached XP level 14. HP: 114/133 MP: 13/13
 23466 | Lair:6   | Received a gift from Trog
 23488 | Lair:6   | Found a staircase to the Swamp.
 23587 | Swamp:1  | Entered Level 1 of the Swamp
 23613 | Lair:6   | HP: 4/133 [something (17)]
 23621 | Lair:6   | Slain by a crocodile

Skill      XL: |  1  2  3  4  5  6  7  8  9 10 11 12 13 14 |
---------------+-------------------------------------------+-----
Maces & Flails | 4 5 6 7 9 11 12 | 12.2
Fighting       | 4 5 6 7 9 10 12 13 14 | 14.7
Armour         | 3 4 5 6 7 9 10 13 14 15 | 15.7
Dodging        | 3 4 5 6 8 9 10 11 12 | 12.0
Shields        | 5 8 9 |  9.1
Stealth        | |  0.1

Action                   |  1- 3 |  4- 6 |  7- 9 | 10-12 | 13-15 || total
-------------------------+-------+-------+-------+-------+-------++-------
Melee: Mace              |    62 |    65 |       |       |       ||   127
       Headbutt          |     6 |    21 |    61 |   241 |   171 ||   500
       Flail             |       |    44 |    76 |   915 |   546 ||  1581
       Morningstar       |       |       |   198 |    28 |       ||   226
Invok: Burn Spellbooks   |       |       |     2 |     1 |       ||     3
       Berserk           |       |       |     1 |     4 |     5 ||    10
  Use: Scroll            |       |     3 |    11 |    17 |     5 ||    36
       Potion            |       |       |     1 |       |     7 ||     8
 Stab: Fleeing           |       |       |       |     2 |       ||     2
  Eat: Chunk             |     1 |     2 |     4 |     7 |     1 ||    15
       Beef jerky        |       |     1 |       |     4 |       ||     5
       Fruit             |       |     1 |       |     4 |     3 ||     8
       Meat ration       |       |     1 |     1 |     2 |     2 ||     6
       Bread ration      |       |       |     1 |     3 |     1 ||     5
       Pizza             |       |       |       |     2 |       ||     2
Armor: Animal skin       |     9 |       |       |       |       ||     9
       Scale mail        |    22 |    20 |       |       |       ||    42
       Plate armour      |       |    64 |   255 |   564 |   346 ||  1229
Dodge: Dodged            |    39 |    57 |   209 |   457 |   278 ||  1040
Block: Shield            |       |       |       |   174 |   424 ||   598
